| TOP OF THE 1ST |
|
Great Falls Voyagers batting - Pitching for Detroit (APP) Tigers : LHP Jim Belcher
|
|
Pitching: LHP Jim Belcher
|
|
|
Batting: RHB Josh Newby
|
0-0: Ball 1-0: Ball 2-0: Fly out, F8 (Flyball, 8RM, EV 85.6 MPH)
|
|
Batting: RHB Andy Cotton
|
0-0: Ball 1-0: Ball 2-0: DOUBLE (Flyball, 89D, EV 96.2 MPH)
|
|
Batting: RHB Vic Lucatero
|
0-0: Called Strike 0-1: Ball 1-1: Called Strike 1-2: Ball 2-2: Ball 3-2: Foul Ball, location: 2F 3-2: Foul Ball, location: 2F 3-2: Ground out 3-1 (Groundball, 34S, EV 89.4 MPH) Andy Cotton to third
|
|
Batting: LHB Carlos Ramirez
|
0-0: Ball 1-0: Fly out, F8 (Line Drive, 8LD, EV 94.4 MPH)
|
| Top of the 1st over - 0 runs, 1 hit, 0 errors, 1 left on base; Great Falls 0 - Detroit (APP) 0 |
| BOTTOM OF THE 1ST |
|
Detroit (APP) Tigers batting - Pitching for Great Falls Voyagers : RHP Andy Gibson
|
|
Pitching: RHP Andy Gibson
|
|
|
Batting: LHB Bill Ford
|
0-0: Called Strike 0-1: Ball 1-1: Ball 2-1: Foul Ball, location: 2F 2-2: Strikes out swinging
|
|
Batting: RHB Jon Goldstein
|
0-0: Ball 1-0: Swinging Strike 1-1: Fly out, F8 (Flyball, 8LM, EV 83.8 MPH)
|
|
Batting: LHB Jon Pedlar
|
0-0: Ball 1-0: Ground out U3 (Groundball, 34, EV 97.5 MPH)
|
| Bottom of the 1st over - 0 runs, 0 hits, 0 errors, 0 left on base; Great Falls 0 - Detroit (APP) 0 |
| TOP OF THE 2ND |
|
Great Falls Voyagers batting - Pitching for Detroit (APP) Tigers : LHP Jim Belcher
|
|
Batting: RHB Duncan Collins
|
0-0: Called Strike 0-1: Swinging Strike 0-2: Ball 1-2: Foul Ball, location: 2F 1-2: Foul Ball, location: 2F 1-2: Ball 2-2: DOUBLE (Line Drive, 89D, EV 109.4 MPH)
|
|
Batting: RHB Tommy Ellington
|
0-0: Foul Ball, location: 2F 0-1: Ground out 4-3 (Groundball, 6M, EV 96.2 MPH) Duncan Collins to third
|
|
Batting: SHB Matt Childers
|
0-0: Ball Wild Pitch! Duncan Collins scores 1-0: Called Strike 1-1: Ball 2-1: Ground out U3 (Groundball, 3, EV 79.4 MPH)
|
|
Batting: RHB Billy Grubbs
|
0-0: Swinging Strike 0-1: Fly out, F9 (Line Drive, 9D, EV 85.0 MPH)
|
| Top of the 2nd over - 1 run, 1 hit, 0 errors, 0 left on base; Great Falls 1 - Detroit (APP) 0 |
| BOTTOM OF THE 2ND |
|
Detroit (APP) Tigers batting - Pitching for Great Falls Voyagers : RHP Andy Gibson
|
|
Batting: SHB Sean Foley
|
0-0: Swinging Strike 0-1: Ball 1-1: Ball 2-1: Foul Ball, location: 2F 2-2: SINGLE (Groundball, 5L, EV 88.8 MPH) (infield hit)
|
|
Batting: RHB Adam MacConnell
|
0-0: Ball 1-0: Foul Ball, location: 2F 1-1: Called Strike 1-2: Ball 2-2: Fielders Choice at 2nd, 1-4 (Groundball, 15S, EV 73.8 MPH)
|
|
Batting: RHB Mike Sebastian
|
0-0: Called Strike 0-1: Fly out, F9 (Flyball, 9LS, EV 87.5 MPH)
|
|
Batting: RHB Jose Evangelista
|
0-0: Called Strike 0-1: Ball 1-1: Fielders Choice at 2nd, 6-4 (Groundball, 6, EV 85.6 MPH)
|
| Bottom of the 2nd over - 0 runs, 1 hit, 0 errors, 1 left on base; Great Falls 1 - Detroit (APP) 0 |
| TOP OF THE 3RD |
|
Great Falls Voyagers batting - Pitching for Detroit (APP) Tigers : LHP Jim Belcher
|
|
Batting: SHB Jose Romo
|
0-0: Swinging Strike 0-1: Swinging Strike 0-2: Strikes out swinging
|
|
Batting: RHB Josh Newby
|
0-0: Ball 1-0: Ball 2-0: Ball 3-0: Called Strike 3-1: Foul Ball, location: 2F 3-2: Foul Ball, location: 2F 3-2: Ground out 6-3 (Groundball, 6, EV 95.0 MPH)
|
|
Batting: RHB Andy Cotton
|
0-0: Called Strike 0-1: Ground out 4-3 (Groundball, 4, EV 98.1 MPH)
|
| Top of the 3rd over - 0 runs, 0 hits, 0 errors, 0 left on base; Great Falls 1 - Detroit (APP) 0 |
| BOTTOM OF THE 3RD |
|
Detroit (APP) Tigers batting - Pitching for Great Falls Voyagers : RHP Andy Gibson
|
|
Batting: RHB Jamie Villagrana
|
0-0: Swinging Strike 0-1: Ball 1-1: Ball 2-1: Foul Ball, location: 2F 2-2: Ball 3-2: Fly out, F9 (Flyball, 9D, EV 73.1 MPH)
|
|
Batting: RHB Willie Ochoa
|
0-0: Called Strike 0-1: Called Strike 0-2: DOUBLE (Line Drive, 9LM, EV 105.0 MPH)
|
|
Batting: LHB Bill Ford
|
0-0: Ball 1-0: Foul Ball, location: 2F 1-1: Ground out 6-3 (Groundball, 6, EV 81.2 MPH)
|
|
Batting: RHB Jon Goldstein
|
0-0: Ground out 6-3 (Groundball, 6, EV 91.2 MPH)
|
| Bottom of the 3rd over - 0 runs, 1 hit, 0 errors, 1 left on base; Great Falls 1 - Detroit (APP) 0 |
| TOP OF THE 4TH |
|
Great Falls Voyagers batting - Pitching for Detroit (APP) Tigers : LHP Jim Belcher
|
|
Batting: RHB Vic Lucatero
|
0-0: Ball 1-0: Foul Ball, location: 2F 1-1: Ball 2-1: SINGLE (Flyball, 56D, EV 93.8 MPH)
|
|
Batting: LHB Carlos Ramirez
|
0-0: Foul Ball, location: 2F 0-1: Ball 1-1: Ball 2-1: Fly out, F9 (Flyball, 89S, EV 94.4 MPH)
|
|
Batting: RHB Duncan Collins
|
Balk! Vic Lucatero to second 0-0: DOUBLE (Line Drive, 9LS, EV 106.9 MPH) Vic Lucatero scores
|
|
Batting: RHB Tommy Ellington
|
0-0: Foul Ball, location: 2F 0-1: Ball 1-1: Ball 2-1: Foul Ball, location: 2F 2-2: Foul Ball, location: 2F 2-2: DOUBLE (Flyball, 8RD, EV 90.6 MPH) Duncan Collins scores
|
|
Batting: SHB Matt Childers
|
0-0: Called Strike 0-1: Ground out 6-3 (Groundball, 6S, EV 66.9 MPH) Tommy Ellington to third
|
|
Batting: RHB Billy Grubbs
|
0-0: Called Strike 0-1: 2-RUN HOME RUN (Flyball, 7D, EV 101.9 MPH), Distance : 377 ft
|
|
Pitching: RHP Jerome Stady
|
|
|
Batting: SHB Jose Romo
|
0-0: Called Strike 0-1: Ball 1-1: Foul Ball, location: 2F 1-2: Ground out 3-1 (Groundball, 34, EV 83.8 MPH)
|
| Top of the 4th over - 4 runs, 4 hits, 0 errors, 0 left on base; Great Falls 5 - Detroit (APP) 0 |
| BOTTOM OF THE 4TH |
|
Detroit (APP) Tigers batting - Pitching for Great Falls Voyagers : RHP Andy Gibson
|
|
Batting: LHB Jon Pedlar
|
0-0: Ball 1-0: Ball 2-0: Ball 3-0: Base on Balls
|
|
Batting: SHB Sean Foley
|
0-0: Called Strike 0-1: Called Strike 0-2: Foul Ball, location: 2F 0-2: SINGLE (Groundball, 4MD, EV 100.6 MPH) (infield hit) Jon Pedlar to second
|
|
Batting: RHB Adam MacConnell
|
0-0: Called Strike 0-1: Ball 1-1: Ball 2-1: SINGLE (Line Drive, 7S, EV 108.8 MPH) Jon Pedlar to third Sean Foley to second
|
|
Batting: RHB Mike Sebastian
|
0-0: Foul Ball, location: 2F 0-1: Called Strike 0-2: TRIPLE (Line Drive, 8RXD, EV 106.9 MPH) Jon Pedlar scores Sean Foley scores Adam MacConnell scores
|
|
Batting: RHB Jose Evangelista
|
0-0: Ball 1-0: SINGLE (Groundball, 25, EV 68.8 MPH) (infield hit) Mike Sebastian scores
|
|
Batting: RHB Jamie Villagrana
|
0-0: Called Strike 0-1: Ball 1-1: Called Strike 1-2: Strikes out swinging
|
|
Batting: RHB Willie Ochoa
|
0-0: Ball Jose Evangelista is caught stealing 2nd base 2-4 1-0: Swinging Strike 1-1: Ball 2-1: Called Strike 2-2: Strikes out swinging
|
| Bottom of the 4th over - 4 runs, 4 hits, 0 errors, 0 left on base; Great Falls 5 - Detroit (APP) 4 |
| TOP OF THE 5TH |
|
Great Falls Voyagers batting - Pitching for Detroit (APP) Tigers : RHP Jerome Stady
|
|
Batting: RHB Josh Newby
|
0-0: Called Strike 0-1: Ground out 5-3 (Groundball, 56S, EV 90.6 MPH)
|
|
Batting: RHB Andy Cotton
|
0-0: Swinging Strike 0-1: Ball 1-1: Foul Ball, location: 2F 1-2: Ball 2-2: Foul Ball, location: 2F 2-2: Foul Ball, location: 2F 2-2: Ball 3-2: Hit by Pitch
|
|
Batting: RHB Vic Lucatero
|
0-0: Called Strike Andy Cotton steals 2nd, throwing error, E2 Andy Cotton to third 0-1: Ball 1-1: Called Strike 1-2: Strikes out swinging
|
|
Batting: LHB Carlos Ramirez
|
0-0: Swinging Strike 0-1: Ball 1-1: Ground out U3 (Groundball, 3, EV 101.9 MPH)
|
| Top of the 5th over - 0 runs, 0 hits, 1 error, 1 left on base; Great Falls 5 - Detroit (APP) 4 |
| BOTTOM OF THE 5TH |
|
Detroit (APP) Tigers batting - Pitching for Great Falls Voyagers : RHP Andy Gibson
|
|
Batting: LHB Bill Ford
|
0-0: Ball 1-0: Ball 2-0: Called Strike 2-1: Ball 3-1: Base on Balls
|
|
Batting: RHB Jon Goldstein
|
0-0: Called Strike Bill Ford steals 2nd base 0-1: Foul Ball, location: 2F 0-2: Ball 1-2: Ball 2-2: Foul Ball, location: 2F 2-2: Ball 3-2: Foul Ball, location: 2F 3-2: Foul Ball, location: 2F 3-2: Foul Ball, location: 2F 3-2: Ground out 5-3 (Groundball, 5L, EV 98.1 MPH)
|
|
Batting: LHB Jon Pedlar
|
0-0: Swinging Strike 0-1: Called Strike 0-2: Strikes out swinging
|
|
Pitching: LHP Jeremy Soliday
|
|
|
Batting: SHB Sean Foley
|
0-0: Called Strike 0-1: DOUBLE (Flyball, 8RXD, EV 93.1 MPH) Bill Ford scores
|
|
Batting: RHB Adam MacConnell
|
0-0: SINGLE (Line Drive, 56D, EV 98.1 MPH) Sean Foley to third Runner from 3rd tries for Home, SAFE, throw by LF to home
|
|
Batting: RHB Mike Sebastian
|
0-0: Called Strike 0-1: Called Strike 0-2: Foul Ball, location: 2F 0-2: Foul Ball, location: 2F 0-2: Foul Ball, location: 2F 0-2: Ball 1-2: SINGLE (Groundball, 4MS, EV 73.8 MPH) (infield hit) Adam MacConnell to second
|
|
Batting: RHB Jose Evangelista
|
0-0: Fielders Choice at 2nd, 6-4 (Groundball, 6, EV 86.9 MPH)
|
| Bottom of the 5th over - 2 runs, 3 hits, 0 errors, 2 left on base; Great Falls 5 - Detroit (APP) 6 |
| TOP OF THE 6TH |
|
Great Falls Voyagers batting - Pitching for Detroit (APP) Tigers : RHP Jerome Stady
|
|
Batting: RHB Duncan Collins
|
0-0: Ball 1-0: Called Strike 1-1: Called Strike 1-2: Foul Ball, location: 2F 1-2: Ball 2-2: Ball 3-2: SINGLE (Flyball, 8LS, EV 100.6 MPH)
|
|
Batting: RHB Tommy Ellington
|
0-0: Ball 1-0: Called Strike 1-1: Ball 2-1: Swinging Strike 2-2: Foul Ball, location: 2F 2-2: Foul Ball, location: 2F 2-2: Strikes out swinging
|
|
Batting: SHB Matt Childers
|
0-0: 2-RUN HOME RUN (Flyball, 9D, EV 95.6 MPH), Distance : 364 ft
|
|
Batting: RHB Billy Grubbs
|
0-0: Ball 1-0: Ball 2-0: Called Strike 2-1: Foul Ball, location: 2F 2-2: Ball 3-2: Foul Ball, location: 2F 3-2: Foul Ball, location: 2F 3-2: Strikes out swinging
|
|
Batting: SHB Jose Romo
|
0-0: Ball 1-0: Foul Ball, location: 2F 1-1: Ground out 3-1 (Groundball, 34S, EV 83.8 MPH)
|
| Top of the 6th over - 2 runs, 2 hits, 0 errors, 0 left on base; Great Falls 7 - Detroit (APP) 6 |
| BOTTOM OF THE 6TH |
|
Detroit (APP) Tigers batting - Pitching for Great Falls Voyagers : LHP Jeremy Soliday
|
|
Batting: RHB Jamie Villagrana
|
0-0: Ball 1-0: Ball 2-0: SOLO HOME RUN (Flyball, 7LD, EV 93.1 MPH), Distance : 353 ft
|
|
Batting: RHB Willie Ochoa
|
0-0: Foul Ball, location: 2F 0-1: Ground out 5-3 (Groundball, 5L, EV 86.2 MPH)
|
|
Batting: LHB Bill Ford
|
0-0: Ground out 5-3 (Groundball, 56S, EV 90.6 MPH)
|
|
Batting: RHB Jon Goldstein
|
0-0: Called Strike 0-1: Foul Ball, location: 2F 0-2: Ground out 2-3 (Groundball, 2L, EV 64.4 MPH)
|
| Bottom of the 6th over - 1 run, 1 hit, 0 errors, 0 left on base; Great Falls 7 - Detroit (APP) 7 |
| TOP OF THE 7TH |
|
Great Falls Voyagers batting - Pitching for Detroit (APP) Tigers : RHP Jerome Stady
|
|
Pitching: RHP Luis Brown
|
|
|
Batting: RHB Josh Newby
|
0-0: Ball 1-0: Ball 2-0: Foul Ball, location: 2F 2-1: Foul Ball, location: 2F 2-2: Ball 3-2: Base on Balls
|
|
Batting: RHB Andy Cotton
|
0-0: Ball 1-0: Foul Ball, location: 2F 1-1: Foul Ball, location: 2F 1-2: SINGLE (Groundball, 6MD, EV 106.2 MPH) Josh Newby to second Runner from 2nd tries for 3rd, SAFE, throw by CF made to third
|
|
Pinch Hitting: LHB Josh Pittman
|
0-0: Called Strike 0-1: Ball Andy Cotton steals 2nd base 1-1: Swinging Strike 1-2: Strikes out swinging
|
|
Batting: LHB Carlos Ramirez
|
0-0: Intentional Walk
|
|
Batting: RHB Duncan Collins
|
0-0: Called Strike 0-1: Grounds into fielders choice 6-2 (Groundball, 6, EV 83.8 MPH) Andy Cotton to third Carlos Ramirez to second
|
|
Batting: RHB Tommy Ellington
|
0-0: Ground out 5-3 (Groundball, 56S, EV 85.6 MPH)
|
| Top of the 7th over - 0 runs, 1 hit, 0 errors, 3 left on base; Great Falls 7 - Detroit (APP) 7 |
| BOTTOM OF THE 7TH |
|
Detroit (APP) Tigers batting - Pitching for Great Falls Voyagers : LHP Jeremy Soliday
|
|
Now in LF: Josh Pittman
|
|
|
Batting: LHB Jon Pedlar
|
0-0: Foul Ball, location: 2F 0-1: Ball 1-1: Ball 2-1: Fly out, F6 (Popup, 6, EV 71.9 MPH)
|
|
Batting: SHB Sean Foley
|
0-0: Swinging Strike 0-1: Swinging Strike 0-2: Ball 1-2: Ball 2-2: SINGLE (Line Drive, 56D, EV 104.4 MPH)
|
|
Batting: RHB Adam MacConnell
|
0-0: Foul Ball, location: 2F 0-1: Ball Sean Foley steals 2nd base 1-1: Swinging Strike 1-2: Foul Ball, location: 2F 1-2: Foul Ball, location: 2F 1-2: Strikes out swinging
|
|
Batting: RHB Mike Sebastian
|
0-0: Called Strike 0-1: DOUBLE (Line Drive, 78XD, EV 110.6 MPH) Sean Foley scores
|
|
Pitching: LHP Juan Medrano
|
|
|
Batting: RHB Jose Evangelista
|
0-0: Ball 1-0: Fly out, F4 (Popup, 34, EV 72.5 MPH)
|
| Bottom of the 7th over - 1 run, 2 hits, 0 errors, 1 left on base; Great Falls 7 - Detroit (APP) 8 |
| TOP OF THE 8TH |
|
Great Falls Voyagers batting - Pitching for Detroit (APP) Tigers : RHP Luis Brown
|
|
Now in LF: Billy Verdusco
|
|
|
Batting: SHB Matt Childers
|
0-0: Ball 1-0: Ground out 4-3 (Groundball, 34, EV 88.1 MPH)
|
|
Batting: RHB Billy Grubbs
|
0-0: Ball 1-0: Ball 2-0: Called Strike 2-1: Called Strike 2-2: Strikes out swinging
|
|
Batting: SHB Jose Romo
|
0-0: Ball 1-0: Swinging Strike 1-1: SINGLE (Groundball, 4, EV 107.5 MPH)
|
|
Batting: RHB Josh Newby
|
0-0: Ball 1-0: Ball 2-0: Foul Ball, location: 2F 2-1: Foul Ball, location: 2F 2-2: Foul Ball, location: 2F 2-2: Foul Ball, location: 2F 2-2: Strikes out swinging
|
| Top of the 8th over - 0 runs, 1 hit, 0 errors, 1 left on base; Great Falls 7 - Detroit (APP) 8 |
| BOTTOM OF THE 8TH |
|
Detroit (APP) Tigers batting - Pitching for Great Falls Voyagers : LHP Juan Medrano
|
|
Batting: RHB Jamie Villagrana
|
0-0: Ball 1-0: Fly out, F7 (Flyball, 7, EV 86.9 MPH)
|
|
Batting: RHB Willie Ochoa
|
0-0: Ball 1-0: Ground out 6-3 (Groundball, 6, EV 88.8 MPH)
|
|
Batting: LHB Bill Ford
|
0-0: Fly out, F8 (Flyball, 8RD, EV 90.6 MPH)
|
| Bottom of the 8th over - 0 runs, 0 hits, 0 errors, 0 left on base; Great Falls 7 - Detroit (APP) 8 |
| TOP OF THE 9TH |
|
Great Falls Voyagers batting - Pitching for Detroit (APP) Tigers : RHP Luis Brown
|
|
Pitching: RHP Kyle Moore
|
|
|
Batting: RHB Andy Cotton
|
0-0: Ball 1-0: Called Strike 1-1: Fly out, F4 (Popup, 4MD, EV 66.2 MPH)
|
|
Batting: LHB Josh Pittman
|
0-0: Swinging Strike 0-1: Ball 1-1: Ball 2-1: Ball 3-1: Base on Balls
|
|
Batting: LHB Carlos Ramirez
|
0-0: Ball 1-0: Foul Ball, location: 2F 1-1: Foul Ball, location: 2F 1-2: Foul Ball, location: 2F 1-2: Ball 2-2: Strikes out swinging
|
|
Batting: RHB Duncan Collins
|
0-0: Ball 1-0: Ball 2-0: Ball 3-0: Called Strike 3-1: Base on Balls Josh Pittman to second
|
|
Pinch Runner at 2nd Kasey Bland:
|
|
|
Batting: RHB Tommy Ellington
|
0-0: Ball 1-0: Called Strike 1-1: Swinging Strike 1-2: Ball 2-2: Ball 3-2: Base on Balls Kasey Bland to third Duncan Collins to second
|
|
Batting: SHB Matt Childers
|
0-0: Ball 1-0: Ball 2-0: Ball 3-0: Base on Balls Kasey Bland scores Duncan Collins to third Tommy Ellington to second
|
|
Batting: RHB Billy Grubbs
|
0-0: Ball 1-0: Ball 2-0: Ball 3-0: Called Strike 3-1: Foul Ball, location: 2F 3-2: Base on Balls Duncan Collins scores Tommy Ellington to third Matt Childers to second
|
|
Batting: SHB Jose Romo
|
0-0: Ground out 4-3 (Groundball, 4, EV 83.1 MPH)
|
| Top of the 9th over - 2 runs, 0 hits, 0 errors, 3 left on base; Great Falls 9 - Detroit (APP) 8 |
| BOTTOM OF THE 9TH |
|
Detroit (APP) Tigers batting - Pitching for Great Falls Voyagers : LHP Juan Medrano
|
|
Pitching: RHP Rick Sacket
|
|
|
Now in LF: Andy Cotton
|
|
|
Now in CF: Kasey Bland
|
|
|
Batting: RHB Jon Goldstein
|
0-0: Called Strike 0-1: Swinging Strike 0-2: Ball 1-2: Strikes out swinging
|
|
Batting: LHB Jon Pedlar
|
0-0: Called Strike 0-1: Ball 1-1: DOUBLE (Flyball, 8RXD, EV 106.2 MPH)
|
|
Pinch Hitting: LHB Tokugoro Adachi
|
0-0: Ball 1-0: Ground out 4-3 (Groundball, 4, EV 86.9 MPH) Jon Pedlar to third
|
|
Batting: RHB Adam MacConnell
|
0-0: Called Strike 0-1: Foul Ball, location: 2F 0-2: Ground out 6-3 (Groundball, 6, EV 78.1 MPH)
|
| Bottom of the 9th over - 0 runs, 1 hit, 0 errors, 1 left on base; Great Falls 9 - Detroit (APP) 8 |
|